 Dungeon Crawl Stone Soup version bcrawl-1.13.2 (webtiles) character file.

Game seed: 14316300366185013244

128 Chiseanne the Slasher (level 4, -1/35 HPs)
             Began as a Demonspawn Archaeologist on Aug 10, 2019.
             Shot with a sling bullet by Ijyb (5 damage)
             ... on level 3 of the Dungeon.
             The game lasted 00:05:15 (2350 turns).

Chiseanne the Slasher (Demonspawn Archaeologist)    Turns: 2350, Time: 00:05:15

Health: -1/35      AC:  9    Str: 11    XL:     4   Next: 87%
Magic:  4/4        EV: 11    Int: 18    God:
Gold:   253        SH:  0    Dex: 12    Spells: 3/3 levels left

rFire    . . .     SeeInvis +   a - +1 whip
rCold    . . .     Gourm    .   (no shield)
rNeg     . . .     Faith    .   t - +1 ring mail
rPois    .         Spirit   .   c - +1 hat
rElec    .         Reflect  .   (no cloak)
rCorr    .         Harm     .   (no gloves)
MR       .....                  d - +1 pair of boots
Stlth    +.........             (no amulet)
HPRegen  0.11/turn              (no ring)
MPRegen  0.09/turn              (no ring)

@: lethally poisoned (-1 -> -32), studying Long Blades
A: talons 1, see invisible, clever 1, spiny 1
a: no special abilities


You were on level 3 of the Dungeon.
You were not hungry.

You visited 1 branch of the dungeon, and saw 3 of its levels.

You collected 253 gold pieces.

Inventory:

Hand Weapons
 a - a +1 whip (weapon)
Missiles
 i - 344 poisoned needles
 j - 683 stones (quivered)
 m - 55 needles of paralysis
 p - 116 tomahawks
 s - 158 sling bullets
 u - 288 arrows
Armour
 c - a +1 hat (worn)
 d - a +1 pair of boots (worn)
 t - a +1 ring mail (worn)
Scrolls
 b - a scroll of enchant armour
 n - a scroll of remove curse
 w - a scroll of amnesia {unknown}
Potions
 h - a potion of flight
 k - a potion of berserk rage
 l - a potion of agility
 q - a potion of haste
 v - a potion of heal wounds {unknown}
 z - a potion of curing {unknown}
Books
 e - a manual of Long Blades
Miscellaneous
 f - an ancient crate
Comestibles
 g - 5 rations {!d}
 x - 3 chunks of flesh


   Skills:
 - Level 3.0 Fighting
 + Level 4.6 Long Blades
 - Level 0.8 Maces & Flails
 - Level 2.6 Dodging
 - Level 3.0 Stealth


You had 3 spell levels left.
You didn't know any spells.
Your spell library was empty.

Dungeon Overview and Level Annotations

Branches:
Dungeon (3/12)

Altars:
Makhleb

Annotations:
D:3 Ijyb


Innate Abilities, Weirdness & Mutations

You have sharp toenails.
You are partially covered in sharp spines.
You have supernaturally acute eyesight. (SInv)
Your mind is acute. (Int +2)


Message History

Your transformation is almost over.
* * * LOW HITPOINT WARNING * * *
You feel sick.
You see here a +0 dagger.
It was a potion of cancellation.
Your magical effects are unravelling.
You feel magically purged.
Your transformation has ended.
Your +1 whip unmelds from your body.
Your +1 hat unmelds from your body.
Your +1 pair of boots unmelds from your body.
Your +1 ring mail unmelds from your body.
* * * LOW HITPOINT WARNING * * *
You feel very sick.
Ijyb shoots a sling bullet.
The sling bullet hits you but does no damage.
It was a potion of mutation.
You feel extremely strange.
You feel clever.
Your vision sharpens.
* * * LOW HITPOINT WARNING * * *
You feel sick.
Ijyb shoots a sling bullet.
The sling bullet hits you.
You die...

[...## ... .....# #.#
#....##.# #.#
......... ..% .....#
#.# #.##.# #.# #.##.#
#g# .....# # #.#
.....##.###. #@#
#........... #.#
###..###########.##.#
#.......#...).....#
##.####...####.####
.....# #.### #.#
###### #.. ..# ####
###


You could see Ijyb.

Vanquished Creatures
  A hound (D:2)
  Jessica (D:2)
  A worm (D:1)
  A dart slug (D:1)
  2 leopard geckos
  4 bats
  13 goblins
  13 hobgoblins
  10 jackals
  5 kobolds
  A quokka (D:2)
  A frilled lizard (D:3)
  A rat (D:2)
54 creatures vanquished.

Notes
Turn   | Place    | Note
-------+----------+-------------------------------------------
     0 | D:1      | Chiseanne the Demonspawn Archaeologist began the quest for
                  | the Orb.
     0 | D:1      | Reached XP level 1. HP: 15/15 MP: 1/1
   166 | D:1      | Gained mutation: You are partially covered in sharp spines.
                  | [demonic ancestry]
   166 | D:1      | Reached XP level 2. HP: 10/22 MP: 2/2
  1140 | D:1      | Reached XP level 3. HP: 29/29 MP: 3/3
  1347 | D:1      | Reached skill level 1 in Long Blades
  1618 | D:2      | Found a burning altar of Makhleb.
  1721 | D:2      | Reached skill level 3 in Long Blades
  1721 | D:2      | Gained mutation: You have sharp toenails. [demonic
                  | ancestry]
  1721 | D:2      | Reached XP level 4. HP: 28/35 MP: 4/4
  1765 | D:2      | Noticed Jessica
  1778 | D:2      | Killed Jessica
  2051 | D:2      | Reached skill level 4 in Long Blades
  2330 | D:3      | Noticed Ijyb
  2350 | D:3      | Gained mutation: Your mind is acute. (Int +2) [potion of
                  | mutation]
  2350 | D:3      | Gained mutation: You have supernaturally acute eyesight.
                  | (SInv) [potion of mutation]
  2350 | D:3      | Shot with a sling bullet by Ijyb

Skill      XL: |  1  2  3  4 |
---------------+-------------+-----
Fighting       | 2 3 |  3.0
Long Blades    | 3 4 |  4.6
Maces & Flails | |  0.8
Dodging        | |  2.6
Stealth        | |  3.0

Action                   |  1- 3 |  4- 6 || total
-------------------------+-------+-------++-------
Melee: Whip              |   101 |    48 ||   149
       Unarmed           |       |     9 ||     9
  Use: Scroll            |     8 |     3 ||    11
       Potion            |       |     2 ||     2
 Stab: Sleeping          |     1 |       ||     1
  Eat: Chunk             |     3 |     2 ||     5
Armor: Robe              |    22 |       ||    22
       Ring mail         |    18 |    23 ||    41
       Skin              |       |     2 ||     2
Dodge: Dodged            |    82 |    35 ||   117
